 Dungeon Crawl Stone Soup version 0.25.1-8-g42b30a86e7 (webtiles) character file.

Game seed: 2379822438823293264

169 Destapler the Skirmisher (level 5, -6/37 HPs)
             Began as an Octopode Wanderer on Dec 13, 2020.
             Mangled by a gnoll sergeant
             ... wielding a +1 spear of freezing
              (10 damage)
             ... on level 3 of the Dungeon.
             The game lasted 00:06:06 (2443 turns).

Destapler the Skirmisher (Octopode Wanderer)        Turns: 2443, Time: 00:06:07

Health: -6/37      AC:  1    Str: 11    XL:     5   Next: 50%
Magic:  5/5        EV: 14    Int: 12    God:
Gold:   140        SH:  0    Dex: 15    Spells: 4/4 levels left

rFire    . . .     SeeInvis .   (no weapon)
rCold    . . .     Gourm    .   (no shield)
rNeg     + . .     Faith    +   (helmet restricted)
rPois    .         Spirit   .   e - amulet of faith
rElec    .         Reflect  .   l - ring of positive energy
rCorr    .         Harm     .   (no ring)
MR       .....                  (no ring)
Stlth    ++++......             (no ring)
HPRegen  0.12/turn              (no ring)
MPRegen  0.09/turn              (no ring)
                                (no ring)
                                (no ring)

@: no status effects
A: almost no armour, stealthy swim, amphibious, 8 rings, constrict 8, camouflage
1, gelatinous body 1
a: no special abilities


You were on level 3 of the Dungeon.
You were not hungry.

You visited 1 branch of the dungeon, and saw 3 of its levels.

You collected 140 gold pieces.

Inventory:

Hand Weapons
 a - a +2 shortbow
 c - a +0 mace
 d - a +0 hand axe
Missiles
 b - 9 arrows
 o - 3 poisoned darts (quivered)
Jewellery
 e - an amulet of faith (around mantle)
 l - a ring of positive energy (left tentacle)
Scrolls
 i - 5 scrolls of identify {unknown}
 j - 4 scrolls of remove curse {unknown}
 k - a scroll of fog {unknown}
 p - a scroll of enchant armour {unknown}
Potions
 g - 3 potions of lignification {unknown}
 h - a potion of haste {unknown}
 m - a potion of resistance {unknown}
Comestibles
 f - 3 rations
 n - 6 chunks of flesh


   Skills:
 + Level 3.9 Fighting
 - Level 3.0 Axes
 + Level 3.1 Bows
 - Level 1.0 Throwing
 + Level 2.2 Dodging
 + Level 3.9 Stealth


You had 4 spell levels left.
You didn't know any spells.
Your spell library was empty.

Dungeon Overview and Level Annotations

Branches:
Dungeon (3/15)

Altars:
Cheibriados


Innate Abilities, Weirdness & Mutations

You cannot wear most types of armour.
You are very stealthy in the water. (Stealth+)
You are amphibious.
You can wear up to eight rings at the same time.
You can use your tentacles to constrict eight enemies at once.
Your skin changes colour to match your surroundings (Stealth+).
Your rubbery body absorbs attacks. (AC +1, EV +1)


Message History

You barely miss the gnoll. You grab the gnoll. You constrict the gnoll.
The gnoll hits you with a +0 club! The gnoll sergeant barely misses you.
The gnoll closely misses you.
You barely miss the gnoll sergeant. Your grab misses the gnoll sergeant.
Your squeeze misses the gnoll sergeant. You constrict the gnoll.
The gnoll sergeant hits you with a +1 spear of freezing.
The gnoll sergeant freezes you. The gnoll hits you with a +0 club.
The gnoll closely misses you.
You closely miss the gnoll sergeant. You grab the gnoll sergeant.
You squeeze the gnoll sergeant, but do no damage.
You constrict the gnoll sergeant, but do no damage.
You constrict the gnoll. The gnoll sergeant misses you.
The gnoll hits you with a +0 club!
* * * LOW HITPOINT WARNING * * *
The gnoll hits you from afar with a +0 halberd!
* * * LOW HITPOINT WARNING * * *
You release your grip on the gnoll sergeant.
You release your grip on the gnoll.
The gnoll sergeant hits you from afar with a +1 spear of freezing!
You die...

### #.# ..# ##+# #.#
##...# #### ## #.#
#.....# #... ##.##.#
.......###... ###...#.##
........##.#. ...((ggg.+
..[........#. #.#
.........#### #@#
.......#...#. #####.#
#.....####.#. #.....#
##...# #).. .##.###.#
##+# #### ........# #.#
........######.###
###.###..........#######
#.###..####...........
#.........>.>..#######


You could see a gnoll sergeant and a gnoll.

Vanquished Creatures
  An orc wizard (D:3)
  2 gnolls (D:3)
  6 adders
  3 worms (D:2)
  2 leopard geckos
  8 orcs
  4 bats
  2 giant cockroaches (D:3)
  7 goblins
  7 hobgoblins
  3 quokkas
  A ball python (D:2)
  6 frilled lizards
  3 kobolds
  3 rats
58 creatures vanquished.

Notes
Turn   | Place    | Note
-------+----------+-------------------------------------------
     0 | D:1      | Destapler the Octopode Wanderer began the quest for the
                  | Orb.
     0 | D:1      | Destapler set off with the following items: a +2 shortbow,
                  | 27 arrows, a +0 mace, a +0 hand axe, a ration
     0 | D:1      | Reached XP level 1. HP: 16/16 MP: 1/1
   153 | D:1      | Reached XP level 2. HP: 15/21 MP: 2/2
   688 | D:2      | Reached skill level 1 in Dodging
   730 | D:2      | Reached XP level 3. HP: 26/26 MP: 3/3
  1188 | D:2      | Reached XP level 4. HP: 24/31 MP: 4/4
  1358 | D:2      | Found a snail-covered altar of Cheibriados.
  1807 | D:3      | Reached XP level 5. HP: 20/37 MP: 5/5
  2443 | D:3      | Mangled by a gnoll sergeant

Illustrated notes

Levels and vault maps discovered:
D:1:      dpeg_arrival_short_road, layout_basic
D:2:      layout_loops_cross, cheibriados_altar_1, st_stairs_9,
          guppyfry_early_orc_mine
D:3:      layout_loops_corners

Skill      XL: |  1  2  3  4  5 |
---------------+----------------+-----
Stealth        | 2 3 |  3.9
Dodging        | 1 2 |  2.2
Bows           | 3 |  3.1
Fighting       | |  3.9
Axes           | |  3.0
Throwing       | |  1.0

Action                   |  1- 3 |  4- 6 || total
-------------------------+-------+-------++-------
Melee: Unarmed           |    19 |    16 ||    35
       Constrict         |     6 |     7 ||    13
       Tentacles         |     4 |     7 ||    11
 Fire: Shortbow          |    63 |    52 ||   115
Throw: Dart              |       |     2 ||     2
 Stab: Sleeping          |       |     1 ||     1
  Eat: Chunk             |     1 |     4 ||     5
Dodge: Dodged            |    16 |    17 ||    33
